Map: Scoria Reactor

Players

OgamixItto

  • Race: Protoss Protoss
  • Spawn Location: 5:00

jamy

  • Race: Protoss Protoss
  • League: Silver
  • Spawn Location: 6:00

Aaron

  • Race: Protoss Protoss
  • Spawn Location: 3:00

Rempire

  • Race: Protoss Protoss
  • Spawn Location: 6:00

Joe

  • Race: Terran Terran
  • Spawn Location: 9:00

BlackOps

  • Race: Terran Terran
  • Spawn Location: 11:00

Rawbone

  • Race: Protoss Protoss
  • Spawn Location: 12:00

Grumm

  • Race: Zerg Zerg
  • League: Gold
  • Spawn Location: 12:00

VOD

Have the link to the VOD?

Description

Time

  • Played on: Feb. 13, 2016, 2:06 p.m.
  • Length: 21:34
Show
View Real Time Build Order
Export as new Build Order

OgamixItto Protoss 

Build Orders: Double Forge 

Get SALT Encoding   

  12  0:01  Probe (Chrono Boost)  
  13  0:12  Probe (Chrono Boost)  
  14  0:24  Pylon  
  14  0:26  Probe (Chrono Boost)  
  15  0:42  Probe (Chrono Boost)  
  16  0:43  Gateway  
  16  0:52  Probe (Chrono Boost)  
  16  0:56  Assimilator  
  17  1:01  Assimilator  
  17  1:03  Probe (Chrono Boost)  
  18  1:07  Pylon  
  18  1:13  Probe (Chrono Boost)  
  19  1:24  Probe (Chrono Boost)  
  20  1:33  Cybernetics Core  
  20  1:36  Probe (Chrono Boost)  
  21  1:47  Probe (Chrono Boost)  
  22  1:58  Probe (Chrono Boost)  
  23  2:04  Nexus  
  23  2:10  Probe (Chrono Boost)  
  24  2:18  Pylon  
  25  2:26  Warp Gate (Chrono Boost)  
  25  2:28  Mothership Core (Chrono Boost)  
  26  2:35  Adept  
  28  2:49  Probe  
  29  3:03  Gateway x2  
  29  3:08  Probe  
  32  3:20  Probe, Adept  
  33  3:32  Probe  
  34  3:36  Probe  
  35  3:44  Probe  
  35  3:46  Probe  
  37  3:48  Forge  
  37  3:50  Pylon  
  37  3:53  Pylon  
  37  3:56  Forge  
  37  3:57  Adept x2  
  37  4:00  Probe x2  
  43  4:13  Probe  
  43  4:14  Probe  
  45  4:23  Protoss Ground Weapons Level 1 (Chrono Boost)  
  45  4:27  Probe x2  
  47  4:31  Protoss Ground Armor Level 1 (Chrono Boost)  
  47  4:39  Probe  
  47  4:40  Probe  
  47  4:43  Adept x3  
  55  4:54  Probe x2  
  57  5:00  Pylon  
  57  5:08  Gateway  
  57  5:13  Gateway  
  57  5:17  Gateway  
  57  5:18  Probe x2  
  59  5:25  Pylon  
  59  5:28  Stalker x2  
  59  5:29  Stalker  
  65  5:38  Probe x2  
  67  5:42  Assimilator  
  67  5:47  Assimilator  
  67  5:52  Twilight Council  
  67  6:00  Probe x2  
  67  6:03  Stalker  
  67  6:04  Stalker x2  
  73  6:05  Nexus  
  75  6:14  Robotics Facility, Probe x2  
  77  6:30  Protoss Ground Weapons Level 2 (Chrono Boost)  
  77  6:31  Protoss Ground Armor Level 2 (Chrono Boost)  
  77  6:39  Photon Cannon  
  77  6:50  Pylon  
  77  6:52  Pylon  
  77  6:55  Pylon, Stalker x2  
  77  6:56  Stalker x2  
  77  6:58  Blink (Chrono Boost)  
  85  7:14  Photon Cannon  
  85  7:17  Photon Cannon  
  85  7:21  Probe, Photon Cannon  
  85  7:22  Probe x2  
  87  7:26  Observer  
  89  7:34  Probe  
  89  7:35  Probe  
  91  7:40  Templar Archives  
  91  7:41  Probe  
  92  7:47  Probe x2  
  95  7:51  Observer  
  95  7:52  Probe  
  96  7:59  Probe x2  
  96  8:02  Probe  
  99  8:07  Pylon  
  99  8:11  Assimilator, Probe x2  
  101  8:13  Probe  
  101  8:14  Assimilator  
  102  8:23  Probe x2  
  102  8:24  Probe  
  105  8:30  Psionic Storm, Photon Cannon  
  105  8:32  High Templar x2  
  105  8:33  High Templar x2  
  113  8:41  Observer  
  114  8:47  Probe  
  114  8:48  Probe x2  
  114  8:52  High Templar  
  114  8:53  Stalker  
  121  9:00  Probe  
  122  9:17  Archon  
  122  10:04  High Templar x4  
  122  10:05  High Templar  
  132  10:13  Pylon  
  132  10:16  Pylon  
  132  10:18  Pylon  
  132  10:20  Pylon  
  124  10:48  Stalker  
  124  10:49  Stalker x2  
  128  10:50  Stalker x2  
  112  11:21  Archon  
  112  11:24  Stalker x5  
  112  11:25  Stalker  
  93  11:39  Photon Cannon  
  93  11:40  Photon Cannon  
  93  11:41  Photon Cannon  
  93  11:47  Photon Cannon  
  93  11:49  Photon Cannon  
  77  12:09  Stalker x4  
  85  12:18  Gateway  
  85  12:19  Gateway  
  85  12:21  Gateway  
  55  13:35  Stalker x2  
  55  13:36  Stalker x2  
  63  13:48  Pylon, Stalker x3  
  63  13:50  Pylon  
  63  13:51  Pylon  
  63  13:53  Pylon  
  69  14:08  Adept x3  
  69  14:09  Adept  
  67  14:38  Stalker x2  
  67  14:39  Stalker x4  
  79  14:54  Gateway x2  
  79  14:57  Gateway  
  79  14:59  Gateway  
  79  15:01  Gateway  
  79  15:03  Gateway  
  79  15:05  Gateway  
  79  15:07  Adept x4  
  79  15:08  Adept x3  
  79  15:14  Probe  
  94  15:26  Probe  
  95  15:36  Adept x3  
  95  15:37  Adept x4  
  95  15:38  Probe  
  110  15:50  Probe  
  111  16:02  Probe  
  68  16:25  Stalker x2  
  56  16:26  Stalker x5  
  68  16:44  Sentry x2  
  68  16:47  Stalker x5  
  74  16:48  Stalker  
  84  17:10  Adept x5  
  84  17:11  Adept x4  
  84  17:12  Adept x2  
  80  18:10  Stalker x2  
  80  18:11  Stalker x2  
  78  18:43  Nexus  
  78  19:56  Stalker  
  78  19:58  Stalker x6  
  78  19:59  Stalker x3  
  62  21:21  Pylon  
  62  21:23  Twilight Council, Pylon  
  62  21:25  Pylon  
Show
View Real Time Build Order
Export as new Build Order

jamy Protoss 

Build Orders:  

Get SALT Encoding   

  12  0:05  Probe (Chrono Boost)  
  13  0:16  Pylon  
  13  0:18  Probe (Chrono Boost)  
  14  0:35  Forge  
  14  0:37  Probe (Chrono Boost)  
  15  0:53  Probe (Chrono Boost)  
  16  1:03  Probe (Chrono Boost)  
  17  1:07  Assimilator  
  17  1:14  Probe (Chrono Boost)  
  18  1:43  Probe (Chrono Boost)  
  19  2:07  Pylon, Nexus  
  19  2:11  Pylon, Probe (Chrono Boost)  
  20  2:18  Pylon  
  20  2:22  Probe (Chrono Boost)  
  21  2:29  Photon Cannon  
  21  2:31  Photon Cannon  
  21  2:34  Probe (Chrono Boost)  
  22  2:51  Photon Cannon  
  22  3:02  Pylon  
  22  3:06  Assimilator  
  22  3:11  Pylon  
  22  3:18  Probe (Chrono Boost)  
  22  3:19  Probe (Chrono Boost)  
  24  3:21  Photon Cannon  
  24  3:23  Gateway  
  24  3:29  Probe (Chrono Boost)  
  24  3:33  Photon Cannon  
  25  3:35  Gateway  
  25  3:40  Probe (Chrono Boost)  
  26  3:46  Probe (Chrono Boost)  
  27  3:49  Probe (Chrono Boost)  
  27  3:50  Assimilator  
  28  3:57  Probe  
  28  3:59  Probe  
  30  4:09  Probe  
  31  4:10  Probe  
  31  4:16  Pylon  
  32  4:20  Probe  
  32  4:21  Probe  
  32  4:24  Zealot  
  36  4:25  Zealot  
  36  4:31  Probe  
  38  4:33  Probe  
  40  4:41  Probe  
  41  4:46  Probe  
  41  4:52  Probe  
  42  4:57  Protoss Shields Level 1 (Chrono Boost)  
  43  5:02  Probe  
  43  5:03  Cybernetics Core  
  43  5:05  Photon Cannon  
  44  5:17  Probe  
  45  5:27  Assimilator  
  45  5:34  Zealot  
  46  5:44  Probe  
  47  5:57  Robotics Facility  
  47  6:01  Photon Cannon  
  47  6:05  Twilight Council  
  47  6:24  Pylon  
  45  6:45  Probe  
  46  6:47  Nexus  
  46  6:51  Stalker x2  
  46  6:53  Warp Gate (Chrono Boost)  
  50  6:55  Probe, Immortal  
  50  6:59  Blink  
  55  7:06  Probe  
  55  7:07  Pylon  
  56  7:10  Protoss Shields Level 2 (Chrono Boost)  
  56  7:11  Assimilator  
  56  7:21  Stalker x2  
  60  7:35  Immortal  
  64  7:44  Pylon  
  64  7:51  Photon Cannon  
  64  7:55  Gateway  
  64  7:58  Probe  
  65  8:05  Photon Cannon  
  65  8:07  Photon Cannon  
  65  8:08  Probe  
  66  8:14  Pylon  
  66  8:16  Assimilator  
  66  8:19  Probe  
  66  8:23  Stalker x2  
  66  8:25  Immortal  
  75  8:29  Probe  
  76  8:40  Probe  
  76  8:44  Photon Cannon  
  76  8:45  Pylon  
  77  8:50  Probe  
  78  8:56  Stalker x2  
  78  9:01  Probe  
  78  9:02  Charge  
  83  9:04  Probe, Immortal  
  88  9:11  Probe  
  89  9:22  Probe  
  90  9:26  Stalker x2  
  94  9:43  Immortal  
  98  9:56  Stalker x2  
  102  10:23  Immortal  
  102  10:26  Stalker  
  108  10:41  Stalker  
  103  11:20  Stalker  
  103  11:21  Stalker  
  65  11:50  Probe  
  66  11:56  Stalker x2  
  66  11:57  Stalker  
  66  12:00  Immortal  
  66  12:01  Probe  
  77  12:11  Probe  
  78  12:22  Protoss Ground Weapons Level 1  
  78  12:26  Stalker x2  
  78  12:27  Stalker  
  84  12:40  Immortal  
  87  12:46  Probe  
  88  12:56  Stalker x3  
  88  12:58  Probe  
  95  13:19  Immortal  
  99  13:22  Protoss Air Weapons Level 1 (Chrono Boost)  
  99  13:26  Stalker  
  101  14:00  Stalker  
  101  14:01  Protoss Ground Armor Level 1  
  101  14:03  Immortal  
  94  14:12  Pylon  
  94  14:30  Stalker x3  
  100  14:42  Immortal  
  96  14:57  Pylon  
  94  15:00  Stalker x2  
  94  15:03  Pylon  
  98  15:18  Stalker  
  100  15:35  Protoss Shields Level 3  
  137  16:11  Stalker  
  100  16:13  Stalker  
  100  16:15  Stalker  
  96  16:29  Pylon  
  96  16:31  Pylon  
  96  16:34  Pylon  
  96  16:37  Immortal  
  100  16:47  Stalker x3  
  100  16:51  Photon Cannon  
  100  16:53  Photon Cannon  
  106  16:55  Photon Cannon  
  106  16:57  Photon Cannon  
  106  17:01  Photon Cannon  
  106  17:10  Pylon  
  106  17:17  Stalker x3, Immortal  
  116  17:30  Photon Cannon  
  116  17:32  Photon Cannon  
  116  17:36  Pylon  
  116  17:47  Stalker  
  118  17:54  Protoss Ground Weapons Level 2  
  118  17:56  Immortal  
  122  18:10  Photon Cannon  
  101  18:35  Immortal  
  95  19:01  Stalker x3  
  97  19:31  Stalker  
  63  20:55  Stalker  
  63  20:56  Stalker x2  
Show
View Real Time Build Order
Export as new Build Order

Aaron Protoss 

Build Orders:  

Get SALT Encoding   

  12  0:02  Probe (Chrono Boost)  
  13  0:13  Probe (Chrono Boost)  
  14  0:24  Probe (Chrono Boost)  
  14  0:27  Pylon  
  15  0:34  Assimilator  
  15  1:18  Nexus  
  15  1:22  Forge  
  15  1:24  Probe (Chrono Boost)  
  16  1:33  Pylon  
  16  1:34  Probe (Chrono Boost)  
  17  1:45  Probe (Chrono Boost)  
  18  2:03  Gateway  
  18  2:11  Photon Cannon  
  18  2:17  Pylon  
  18  2:21  Probe (Chrono Boost)  
  19  2:27  Pylon  
  19  2:31  Probe x2 (Chrono Boost)  
  21  2:41  Assimilator  
  21  2:42  Probe (Chrono Boost)  
  23  2:44  Probe (Chrono Boost)  
  23  2:54  Probe (Chrono Boost)  
  23  2:57  Cybernetics Core  
  24  3:02  Pylon  
  25  3:05  Probe (Chrono Boost)  
  25  3:10  Probe (Chrono Boost)  
  26  3:17  Probe (Chrono Boost)  
  27  3:20  Probe (Chrono Boost)  
  28  3:28  Probe (Chrono Boost)  
  29  3:37  Stargate  
  29  3:39  Stargate  
  29  3:47  Probe (Chrono Boost)  
  30  3:51  Assimilator  
  30  3:57  Probe (Chrono Boost)  
  31  4:04  Probe (Chrono Boost)  
  31  4:08  Probe (Chrono Boost)  
  33  4:15  Probe (Chrono Boost)  
  33  4:16  Cybernetics Core  
  34  4:19  Protoss Air Weapons Level 1 (Chrono Boost)  
  34  4:21  Protoss Shields Level 1  
  34  4:34  Assimilator  
  34  4:36  Probe (Chrono Boost)  
  35  4:42  Void Ray  
  39  4:46  Probe (Chrono Boost)  
  40  4:56  Probe  
  41  5:05  Protoss Air Armor Level 1 (Chrono Boost)  
  41  5:06  Pylon, Probe  
  41  5:11  Pylon  
  42  5:18  Photon Cannon  
  42  5:25  Probe  
  43  5:31  Void Ray (Chrono Boost)  
  51  5:35  Void Ray (Chrono Boost)  
  51  5:36  Probe  
  52  5:46  Probe  
  52  5:49  Stargate  
  53  5:52  Probe  
  54  5:57  Probe  
  55  6:04  Probe  
  55  6:08  Probe  
  57  6:18  Probe  
  57  6:21  Void Ray (Chrono Boost)  
  66  6:28  Void Ray (Chrono Boost)  
  66  6:29  Probe  
  67  6:39  Void Ray (Chrono Boost), Probe  
  72  6:50  Probe  
  72  6:52  Fleet Beacon  
  73  7:01  Probe  
  73  7:08  Pylon  
  74  7:11  Pylon, Probe  
  74  7:13  Pylon  
  75  7:22  Probe  
  76  7:31  Twilight Council  
  76  7:32  Probe, Protoss Air Weapons Level 2 (Chrono Boost)  
  76  7:33  Protoss Air Armor Level 2 (Chrono Boost)  
  77  7:41  Pylon  
  77  7:51  Void Ray  
  81  8:12  Void Ray  
  85  8:26  Protoss Shields Level 2 (Chrono Boost)  
  85  8:37  Void Ray  
  89  8:50  Pylon  
  89  8:52  Nexus  
  89  8:55  Pylon  
  89  9:00  Pylon  
  89  9:05  Void Ray  
  89  9:07  Void Ray  
  41  10:57  Probe  
  42  11:08  Probe  
  43  11:18  Probe  
  44  11:27  Gateway  
  44  11:29  Probe  
  44  11:30  Forge  
  45  11:39  Probe  
  46  12:29  Cybernetics Core  
  46  12:31  Pylon  
  46  12:42  Pylon  
  46  12:47  Pylon  
  46  12:52  Probe  
  46  12:55  Cybernetics Core  
  47  12:58  Assimilator  
  47  13:02  Photon Cannon  
  47  13:03  Probe  
  47  13:05  Photon Cannon  
  48  13:08  Photon Cannon  
  48  13:10  Assimilator  
  48  13:13  Probe, Photon Cannon  
  48  13:16  Photon Cannon  
  49  13:24  Probe  
  50  13:30  Stargate  
  50  13:32  Stargate  
  50  13:34  Probe  
  50  13:35  Stargate  
  50  13:37  Stargate  
  51  13:42  Pylon  
  51  13:45  Probe  
  51  13:56  Probe  
  51  13:58  Stargate  
  51  14:02  Stargate  
  52  14:09  Pylon  
  52  14:11  Photon Cannon  
  52  14:22  Void Ray x4  
  68  14:39  Photon Cannon  
  68  14:42  Photon Cannon  
  68  14:45  Photon Cannon  
  68  14:48  Photon Cannon  
  68  14:50  Photon Cannon  
  68  14:54  Photon Cannon  
  68  14:57  Probe  
  69  15:02  Void Ray x2  
  69  15:05  Void Ray x4  
  93  15:08  Pylon, Probe  
  94  15:18  Probe  
  95  15:29  Probe  
  95  15:31  Fleet Beacon  
  95  15:33  Twilight Council  
  96  15:39  Probe  
  97  15:45  Void Ray  
  101  15:50  Probe  
  101  15:54  Void Ray  
  106  16:00  Probe  
  107  16:10  Pylon  
  107  16:11  Probe  
  107  16:15  Protoss Shields Level 3 (Chrono Boost)  
  108  16:18  Pylon  
  108  16:21  Probe  
  109  16:33  Protoss Air Weapons Level 3 (Chrono Boost)  
  97  18:17  Void Ray x5  
  97  18:18  Void Ray  
  121  20:49  Void Ray  
  121  20:50  Void Ray x2  
Show
View Real Time Build Order
Export as new Build Order

Rempire Protoss 

Build Orders: Nexus First 

Get SALT Encoding   

  12  0:03  Probe (Chrono Boost)  
  13  0:17  Probe (Chrono Boost)  
  14  0:30  Pylon  
  14  0:34  Probe (Chrono Boost)  
  15  0:48  Probe (Chrono Boost)  
  16  0:59  Nexus  
  16  1:11  Gateway  
  16  1:13  Probe (Chrono Boost)  
  17  1:23  Probe (Chrono Boost)  
  18  1:26  Assimilator  
  18  1:34  Probe (Chrono Boost)  
  19  1:44  Probe (Chrono Boost)  
  20  1:55  Probe (Chrono Boost)  
  20  1:59  Gateway  
  21  2:05  Probe (Chrono Boost)  
  21  2:08  Cybernetics Core  
  22  2:10  Zealot  
  22  2:13  Pylon  
  24  2:34  Pylon  
  24  2:44  Assimilator  
  24  2:47  Warp Gate (Chrono Boost)  
  24  2:51  Probe x2 (Chrono Boost)  
  26  2:52  Assimilator  
  26  3:02  Mothership Core (Chrono Boost), Probe (Chrono Boost)  
  29  3:16  Probe (Chrono Boost)  
  30  3:20  Stalker, Probe (Chrono Boost)  
  30  3:21  Stalker  
  30  3:26  Probe (Chrono Boost)  
  36  3:38  Forge  
  36  3:41  Gateway  
  36  3:42  Probe x2 (Chrono Boost)  
  36  3:45  Gateway  
  36  3:46  Assimilator  
  38  3:52  Probe x2 (Chrono Boost)  
  40  4:01  Probe  
  40  4:03  Probe, Stalker  
  44  4:21  Photon Cannon  
  44  4:26  Stalker  
  44  4:30  Photon Cannon  
  46  4:35  Twilight Council  
  46  4:43  Pylon  
  46  4:50  Probe  
  46  4:52  Probe  
  48  5:01  Probe  
  48  5:02  Photon Cannon  
  48  5:04  Probe  
  50  5:11  Probe  
  51  5:16  Probe  
  51  5:17  Blink (Chrono Boost)  
  52  5:22  Probe  
  52  5:25  Forge  
  52  5:28  Probe  
  54  5:29  Stalker x4  
  54  5:30  Forge  
  62  5:50  Pylon  
  62  5:52  Pylon  
  62  5:54  Pylon  
  62  6:05  Robotics Facility  
  62  6:07  Robotics Facility  
  62  6:09  Protoss Ground Armor Level 1, Protoss Ground Weapons Level 1  
  62  6:10  Robotics Facility, Protoss Shields Level 1  
  62  6:38  Pylon  
  62  6:39  Stalker x3  
  68  6:40  Stalker  
  70  7:00  Robotics Bay  
  70  7:17  Dark Shrine  
  70  7:19  Charge (Chrono Boost)  
  70  7:20  Zealot x4  
  78  7:27  Immortal  
  78  7:28  Immortal x2  
  90  7:33  Pylon  
  90  7:35  Pylon  
  90  7:39  Photon Cannon  
  90  7:47  Extended Thermal Lance  
  90  8:06  Observer  
  90  8:07  Observer  
  90  8:08  Observer, Zealot x4  
  101  9:20  Colossus  
  107  9:27  Observer Gravitic Boosters (Chrono Boost)  
  105  9:38  Protoss Ground Weapons Level 2 (Chrono Boost), Protoss Ground Armor Level 2 (Chrono Boost)  
  105  9:46  Colossus  
  105  9:50  Colossus  
  90  10:07  Nexus  
  90  10:10  Pylon  
  90  10:12  Pylon  
  90  10:15  Assimilator  
  90  10:17  Protoss Shields Level 2 (Chrono Boost)  
  90  10:20  Assimilator  
  88  10:57  Probe x2  
  90  11:06  Dark Templar x2  
  90  11:07  Dark Templar x2  
  90  11:09  Probe  
  90  11:10  Probe  
  100  11:21  Probe  
  100  11:22  Probe  
  102  11:33  Probe  
  102  11:34  Probe  
  102  11:46  Probe x2  
  93  12:00  Colossus  
  93  12:01  Colossus x2  
  111  12:20  Protoss Ground Weapons Level 3 (Chrono Boost)  
  111  12:21  Protoss Ground Armor Level 3 (Chrono Boost)  
  107  12:44  Dark Templar x3  
  107  12:48  Zealot  
  97  13:14  Protoss Shields Level 3 (Chrono Boost)  
  97  13:17  Zealot x2  
  97  13:18  Zealot x2  
  105  13:57  Nexus  
  105  14:00  Assimilator  
  103  14:03  Dark Templar x2  
  103  14:05  Assimilator, Zealot x2  
  111  14:10  Pylon  
  111  14:13  Pylon  
  111  14:15  Pylon  
  111  14:18  Pylon  
  111  14:35  Observer x2  
  111  14:36  Observer  
  114  14:52  Stalker x4  
  75  15:23  Stalker x3  
  75  15:24  Stalker  
  55  16:01  Photon Cannon  
  55  16:03  Photon Cannon  
  55  16:05  Photon Cannon  
  55  16:08  Photon Cannon  
  55  16:10  Robotics Facility  
  55  16:11  Robotics Facility  
  55  16:12  Robotics Facility  
  55  16:20  Colossus x2 (Chrono Boost)  
  55  16:21  Colossus (Chrono Boost)  
  73  16:38  Photon Cannon  
  73  16:40  Photon Cannon  
  73  16:55  Assimilator x2, Nexus  
  73  17:13  Colossus x2 (Chrono Boost)  
  85  17:21  Stalker x3  
  85  17:22  Stalker  
  105  17:30  Immortal (Chrono Boost)  
  105  17:34  Immortal (Chrono Boost)  
  105  17:35  Immortal (Chrono Boost)  
  105  17:36  Immortal (Chrono Boost)  
  109  17:45  Dark Templar  
  109  17:46  Dark Templar x3  
  117  18:02  Probe  
  117  18:03  Probe  
  117  18:04  Probe x2  
  121  18:12  Probe  
  121  18:15  Probe  
  121  18:16  Probe x2  
  120  18:47  Dark Templar x3  
  120  18:48  Dark Templar  
  115  19:31  Pylon x2  
  115  19:41  Pylon  
  115  19:43  Pylon  
  115  19:45  Gateway  
  115  19:46  Pylon, Probe  
  115  19:47  Gateway  
  115  19:48  Probe x4  
  120  19:53  Gateway  
  120  19:57  Probe  
  121  20:00  Probe x2  
  123  20:10  Stalker x3  
  123  20:13  Twilight Council  
  129  20:31  Immortal x2 (Chrono Boost)  
  129  20:32  Immortal (Chrono Boost)  
  153  20:35  Immortal (Chrono Boost)  
  153  20:36  Immortal (Chrono Boost)  
  153  20:38  Immortal (Chrono Boost)  
  117  21:01  Stalker x2  
  117  21:02  Stalker  
  117  21:31  Stalker  
  117  21:32  Stalker x4  
  125  21:33  Stalker  
Show
View Real Time Build Order
Export as new Build Order

Joe Terran 

Build Orders: MMM Bio 

Get SALT Encoding   

  12  0:01  SCV  
  13  0:13  SCV  
  14  0:18  Supply Depot  
  14  0:26  SCV  
  15  0:40  SCV  
  16  0:46  Barracks  
  16  0:52  SCV  
  17  0:58  Barracks  
  17  1:05  SCV  
  17  1:10  Refinery  
  18  1:17  SCV  
  19  1:29  SCV  
  20  1:37  Supply Depot  
  20  1:45  Orbital Command  
  20  1:47  Barracks  
  20  1:49  Marine  
  20  1:52  Marine  
  22  2:11  SCV  
  22  2:13  Marine  
  22  2:14  Marine  
  25  2:17  Supply Depot  
  25  2:23  SCV  
  26  2:30  Refinery  
  26  2:41  Marine  
  26  2:42  Marine  
  28  2:58  SCV  
  29  3:00  Command Center  
  29  3:10  SCV  
  30  3:21  Barracks Tech Lab  
  30  3:25  Barracks Reactor  
  30  3:28  Barracks Reactor  
  30  3:38  SCV  
  31  3:43  Stimpack  
  31  3:45  Engineering Bay  
  31  3:57  SCV  
  31  4:02  Marine x3  
  33  4:05  Marine x2  
  37  4:12  Supply Depot x2  
  37  4:20  Factory  
  37  4:45  SCV  
  37  4:48  Sensor Tower, Refinery  
  37  4:49  Terran Infantry Weapons Level 1  
  37  4:50  Refinery  
  37  4:52  Supply Depot x2  
  38  4:53  Marine x3  
  38  4:58  Marine, SCV  
  43  5:02  Marine  
  43  5:05  Factory Tech Lab  
  44  5:16  Orbital Command  
  44  5:26  Missile Turret  
  44  5:31  SCV  
  45  5:40  Marine x2  
  47  5:48  Supply Depot  
  47  5:50  SCV  
  47  5:52  SCV  
  49  5:58  Missile Turret  
  49  6:01  Marine  
  49  6:02  SCV  
  51  6:06  Cyclone  
  51  6:08  SCV  
  55  6:14  SCV  
  55  6:16  Supply Depot  
  56  6:21  SCV  
  56  6:23  Marine x3  
  60  6:26  SCV  
  61  6:33  SCV  
  61  6:37  Starport  
  61  6:38  SCV  
  63  6:41  Starport  
  63  6:45  Marine x3  
  63  6:46  Marine x2  
  68  6:49  Terran Infantry Armor Level 1  
  68  6:55  Armory  
  68  6:57  Combat Shields  
  68  7:03  Cyclone, Marine x3  
  68  7:06  SCV  
  75  7:27  Marine x3  
  78  7:30  SCV x2  
  80  7:42  SCV x2  
  82  7:45  Starport Tech Lab, Starport Reactor  
  82  7:47  Starport  
  82  7:54  SCV x2  
  82  7:55  Command Center  
  84  8:02  Marine x3  
  84  8:03  Marine x2  
  84  8:05  Siege Tank  
  92  8:20  Marine  
  93  8:29  Factory  
  93  8:30  Starport Tech Lab, Marine  
  93  8:31  Marine x3  
  93  8:33  Medivac  
  93  8:34  Medivac  
  101  8:36  Missile Turret  
  101  8:38  Marine  
  102  8:45  Medivac, Supply Depot, SCV x2  
  102  8:47  Supply Depot  
  106  8:48  Marine  
  106  8:49  Marine x2  
  106  8:55  Cyclone  
  112  8:56  Missile Turret  
  112  9:03  Medivac  
  112  9:05  Medivac x2  
  112  9:08  Marine x3  
  121  9:19  Marine x2  
  121  9:22  Raven  
  125  9:25  Marine, SCV x2  
  128  9:31  Planetary Fortress  
  128  9:37  SCV x2  
  130  9:39  Orbital Command  
  39  10:32  Missile Turret  
  39  10:34  Missile Turret x2, SCV x2  
  36  10:36  Orbital Command  
  27  10:46  Marine x4, SCV x2  
  15  10:58  SCV  
  15  11:02  Terran Infantry Weapons Level 2  
  16  11:10  SCV  
  16  11:22  SCV  
  13  11:29  Bunker  
  13  11:40  SCV  
  14  11:52  SCV  
  15  12:02  Marine x5  
  15  12:04  SCV  
  20  12:08  Bunker  
  20  12:16  SCV  
  20  12:19  Refinery, Marine  
  20  12:20  Refinery, Marine x2  
  24  12:28  SCV  
  25  12:37  Marine x4  
  29  12:48  Bunker  
  26  13:08  Command Center  
  26  13:10  Command Center  
  26  13:21  Command Center  
  26  13:22  Marine x4  
  30  13:32  SCV  
  31  13:44  SCV  
  32  13:51  Terran Vehicle Weapons Level 1  
  32  13:56  SCV  
  33  14:08  SCV  
  34  14:13  Marine  
  34  14:14  Marine x4  
  39  14:20  SCV  
  40  14:24  Orbital Command  
  40  14:37  Orbital Command  
  40  14:52  Refinery  
  40  14:57  SCV x2  
  42  15:16  Marine x2  
  42  15:17  Marine x3  
  42  15:19  SCV  
  42  15:20  SCV  
  49  15:25  Orbital Command  
  49  15:34  Marine x4, SCV  
  49  15:35  SCV  
  55  15:38  SCV  
  55  15:42  Refinery  
  56  15:46  SCV  
  56  15:47  SCV  
  58  15:50  SCV  
  58  15:51  SCV  
  58  15:56  Marine x3  
  63  15:58  SCV  
  45  16:24  Marine x3  
  45  16:25  Marine x2  
  44  16:26  SCV x3  
  44  16:31  SCV  
  48  16:38  SCV x3  
  51  16:42  Marine x3  
  51  16:43  SCV  
  55  16:50  Marine x2, SCV x3  
  60  16:55  SCV  
  60  17:00  Factory, Marine  
  60  17:01  Factory  
  62  17:02  SCV  
  62  17:04  Terran Infantry Weapons Level 3  
  62  17:05  Terran Vehicle And Ship Armor Level 1  
  62  17:07  Marine x3  
  66  17:09  SCV x3  
  66  17:12  Marine  
  66  17:14  SCV  
  71  17:18  Marine  
  71  17:21  SCV x3  
  75  17:38  Marine x4  
  75  17:39  Bunker, Marine  
  75  17:40  Bunker  
  75  17:43  SCV x3  
  83  17:44  SCV  
  83  17:49  Factory Tech Lab  
  83  17:50  Factory Tech Lab  
  84  17:55  SCV x2  
  84  17:56  Starport, Marine x3  
  89  17:59  Starport, Marine x2  
  90  18:14  Marine x2  
  91  18:23  Siege Tank x2  
  91  18:43  Marine x2  
  91  18:44  Marine x3  
  92  18:51  Medivac x2  
  87  18:55  Siege Tank x2  
  87  18:59  Terran Vehicle Weapons Level 2  
  87  19:01  Marine x2  
  88  19:04  Marine x2  
  88  19:05  Marine  
  89  19:13  Bunker  
  89  19:14  Bunker  
  89  19:19  Bunker, Marine x2  
  89  19:21  Medivac  
  89  19:22  Marine x3  
  96  19:27  Siege Tank  
  96  19:28  Barracks  
  96  19:30  Barracks  
  96  19:31  Barracks  
  99  19:47  Refinery  
  99  20:02  Hi-Sec Auto Tracking  
  99  20:12  Marine x4  
  99  20:13  Marine  
  104  20:14  Siege Tank x2  
  104  20:17  Medivac x2  
  104  20:20  SCV x3  
  104  20:21  SCV  
  118  20:30  Marine  
  118  20:32  SCV x2, Barracks  
  118  20:33  SCV  
  118  20:34  Barracks  
  122  20:36  Barracks  
  120  20:46  Medivac, Siege Tank  
  120  20:47  Siege Tank  
  109  20:54  Marine x5  
  109  20:56  Starport Reactor  
  106  21:08  SCV x4  
  109  21:12  Marine x3  
  109  21:13  Marine x2  
  114  21:20  SCV x4  
Show
View Real Time Build Order
Export as new Build Order

BlackOps Terran 

Build Orders:  

Get SALT Encoding   

  12  0:03  SCV  
  13  0:15  SCV  
  14  0:23  Supply Depot  
  14  0:27  SCV  
  15  0:46  Refinery  
  15  0:48  SCV  
  16  0:50  Barracks  
  16  1:00  SCV  
  17  1:11  Barracks  
  17  1:16  SCV  
  18  1:31  SCV  
  19  1:41  Supply Depot  
  19  1:44  Marine  
  20  1:49  SCV  
  21  2:02  Marine  
  21  2:04  SCV  
  23  2:10  Refinery  
  23  2:24  Command Center  
  23  2:29  SCV  
  23  2:57  Barracks Reactor  
  23  3:00  Factory  
  23  3:16  Orbital Command  
  23  3:24  Marine  
  23  3:41  Marine  
  24  3:52  Factory Tech Lab  
  25  4:03  Engineering Bay  
  25  4:08  Barracks Reactor  
  25  4:09  Starport  
  24  4:15  Widow Mine  
  26  4:17  Starport, SCV  
  26  4:22  SCV  
  28  4:29  SCV  
  29  4:36  Planetary Fortress  
  29  4:44  Marine  
  30  4:51  Refinery  
  30  4:55  Starport Reactor  
  30  4:57  Starport Reactor  
  30  4:58  Marine  
  31  5:02  Armory  
  31  5:03  SCV  
  32  5:25  Siege Tank  
  35  5:29  Marine x2  
  35  5:33  Viking  
  39  5:40  SCV  
  40  5:47  Terran Infantry Weapons Level 1  
  40  5:48  Medivac  
  42  5:52  SCV  
  43  6:05  Viking  
  45  6:29  Terran Ship Weapons Level 1  
  45  6:35  Supply Depot  
  45  6:50  Supply Depot  
  45  6:53  SCV  
  46  6:56  Viking x3  
  52  7:06  SCV  
  53  7:11  Viking  
  53  7:15  Siege Tank  
  58  7:33  Marine  
  59  7:44  Viking  
  61  8:10  Barracks Tech Lab  
  61  8:23  Command Center  
  61  8:25  Terran Ship Weapons Level 2  
  61  8:33  Viking, Siege Tank  
  66  8:46  Viking x2  
  70  8:49  Combat Shields  
  70  9:00  Refinery  
  70  9:34  SCV  
  70  9:35  Marauder  
  71  9:46  SCV  
  72  9:56  Marauder  
  74  10:02  Siege Tank  
  74  10:04  Viking x2  
  39  10:39  Viking x4  
  39  10:41  Thor  
  41  11:24  Siege Tank  
  42  11:36  Engineering Bay  
  42  12:08  Siege Tank  
  42  12:09  Marine x3  
  45  12:38  Supply Depot  
  45  13:00  Marauder, Siege Tank  
  50  13:07  Orbital Command  
  50  13:32  Siege Tank  
  53  13:54  Planetary Fortress  
  53  14:01  Refinery  
  53  14:57  SCV  
  53  14:58  Viking  
  53  14:59  Thor  
  38  15:50  Thor  
  38  15:51  Marine  
  38  15:52  Viking  
  38  15:53  Viking  
  38  15:55  Terran Ship Weapons Level 3  
  38  15:56  SCV  
  50  16:08  Refinery, SCV  
  51  16:20  SCV  
  52  16:29  Supply Depot  
  52  16:41  Supply Depot  
  52  16:42  SCV  
  53  16:51  Viking, Siege Tank, Marauder  
  53  16:52  Factory  
  60  17:03  Viking  
  62  17:15  Starport  
  60  17:21  Viking  
  62  17:33  Viking  
  64  17:41  Factory Tech Lab  
  64  17:51  Viking  
  66  18:03  Viking  
  68  18:07  Viking  
  70  18:14  SCV  
  71  18:20  Supply Depot  
  71  18:21  Viking  
  71  18:26  SCV  
  74  18:33  Viking  
  76  18:36  Viking  
  78  18:49  Viking  
  78  18:51  Medivac  
  78  18:54  Supply Depot  
  82  19:24  SCV  
  82  19:27  Terran Infantry Armor Level 1  
  82  19:29  Viking  
  82  19:30  Viking  
  87  19:36  SCV  
  88  20:04  Viking x3  
  94  20:17  Thor  
  93  21:12  Marauder  
Show
View Real Time Build Order
Export as new Build Order

Rawbone Protoss 

Build Orders: Double Forge, Nexus First 

Get SALT Encoding   

  13  0:07  Probe (Chrono Boost)  
  13  0:17  Probe (Chrono Boost)  
  14  0:44  Nexus  
  14  0:54  Pylon  
  14  1:03  Probe (Chrono Boost)  
  15  1:13  Probe (Chrono Boost)  
  16  1:19  Gateway  
  16  1:27  Pylon, Probe (Chrono Boost)  
  17  1:38  Probe (Chrono Boost)  
  18  1:44  Assimilator  
  18  1:48  Probe (Chrono Boost)  
  18  1:51  Gateway  
  19  1:58  Gateway  
  19  2:22  Cybernetics Core  
  19  2:26  Probe (Chrono Boost)  
  19  2:27  Pylon  
  19  2:29  Probe (Chrono Boost)  
  22  2:37  Probe (Chrono Boost)  
  22  2:40  Probe (Chrono Boost)  
  23  2:47  Probe (Chrono Boost)  
  24  2:57  Forge  
  24  2:58  Probe (Chrono Boost)  
  25  3:06  Twilight Council  
  25  3:08  Probe (Chrono Boost)  
  25  3:12  Probe (Chrono Boost)  
  27  3:19  Probe (Chrono Boost)  
  28  3:20  Pylon  
  28  3:22  Probe (Chrono Boost)  
  28  3:26  Assimilator  
  29  3:29  Probe (Chrono Boost)  
  29  3:33  Probe (Chrono Boost)  
  31  3:40  Probe (Chrono Boost)  
  32  3:43  Robotics Facility  
  32  3:44  Probe (Chrono Boost)  
  32  3:47  Warp Gate  
  33  3:51  Probe (Chrono Boost)  
  33  3:54  Probe (Chrono Boost)  
  35  3:59  Assimilator  
  35  4:00  Assimilator  
  35  4:01  Probe (Chrono Boost)  
  36  4:05  Pylon, Probe (Chrono Boost)  
  37  4:15  Probe (Chrono Boost)  
  38  4:26  Probe (Chrono Boost)  
  39  4:33  Protoss Ground Weapons Level 1  
  39  4:35  Forge  
  39  4:36  Probe (Chrono Boost)  
  40  4:39  Charge  
  40  4:44  Warp Prism  
  42  4:47  Probe (Chrono Boost)  
  42  4:50  Zealot x3  
  49  4:55  Gateway  
  49  4:56  Gateway  
  49  4:57  Probe (Chrono Boost)  
  49  4:58  Pylon  
  49  4:59  Pylon  
  50  5:01  Pylon  
  50  5:21  Observer  
  51  5:40  Zealot x3  
  57  5:43  Zealot  
  57  5:44  Zealot  
  61  5:55  Protoss Ground Armor Level 1 (Chrono Boost)  
  61  5:56  Forge  
  61  6:07  Zealot x2  
  65  6:13  Nexus  
  65  6:23  Nexus  
  65  6:27  Protoss Shields Level 1 (Chrono Boost)  
  65  6:30  Zealot x3  
  71  6:34  Zealot  
  71  6:35  Zealot  
  75  6:42  Gateway  
  75  6:50  Protoss Ground Weapons Level 2 (Chrono Boost)  
  75  6:57  Zealot  
  77  7:05  Zealot x4  
  85  7:24  Probe, Zealot  
  88  7:32  Zealot  
  88  7:34  Probe  
  88  7:35  Probe  
  94  7:44  Probe, Zealot x4  
  94  7:45  Probe  
  102  7:51  Gateway, Zealot  
  102  7:53  Pylon x2  
  102  7:55  Probe  
  102  7:56  Probe  
  102  7:57  Pylon  
  106  8:02  Pylon  
  106  8:05  Probe  
  106  8:07  Probe  
  108  8:13  Zealot x2  
  108  8:14  Zealot  
  108  8:15  Zealot  
  108  8:16  Probe  
  108  8:17  Zealot  
  119  8:29  Protoss Ground Armor Level 2 (Chrono Boost)  
  119  8:38  Gateway x2  
  119  8:41  Gateway  
  119  8:43  Gateway  
  119  8:45  Gateway  
  119  8:50  Pylon  
  119  8:52  Pylon  
  119  8:53  Pylon  
  119  8:57  Probe  
  119  9:01  Probe  
  119  9:02  Pylon  
  120  9:07  Pylon  
  120  9:08  Probe  
  122  9:10  Pylon  
  122  9:12  Probe  
  122  9:16  Pylon  
  123  9:19  Probe  
  123  9:22  Probe  
  123  9:23  Zealot  
  123  9:24  Zealot x5  
  132  9:27  Zealot  
  132  9:29  Probe  
  132  9:30  Zealot  
  142  9:32  Zealot  
  142  9:33  Probe  
  145  9:38  Protoss Ground Weapons Level 3 (Chrono Boost)  
  145  9:40  Probe  
  145  9:43  Probe  
  147  9:56  Zealot x5  
  147  9:57  Zealot  
  159  10:08  Protoss Shields Level 2 (Chrono Boost)  
  159  10:13  Zealot x4  
  159  10:14  Zealot x2  
  171  10:23  Zealot x2  
  169  11:07  Protoss Ground Armor Level 3 (Chrono Boost)  
  143  11:30  Zealot x2  
  143  11:31  Zealot  
  143  11:32  Zealot x2  
  140  11:33  Zealot x3  
  140  11:34  Zealot x2  
  140  11:36  Zealot x2  
  86  12:23  Zealot x2  
  86  12:24  Zealot x2  
  86  12:25  Zealot x2  
  86  12:26  Zealot x3  
  86  12:27  Zealot x3  
  85  13:05  Zealot x6  
  95  13:06  Zealot x6  
  109  13:27  Protoss Shields Level 3 (Chrono Boost)  
  109  13:32  Zealot x5  
  109  13:33  Zealot x7  
  131  13:59  Zealot x5  
  131  14:00  Zealot x7  
  135  14:26  Zealot x4  
  135  14:27  Zealot x8  
  135  14:53  Zealot x3  
  135  14:54  Zealot x6  
  93  15:46  Zealot x4  
  93  15:47  Zealot x8  
  103  16:13  Zealot x4  
  103  16:14  Zealot x7  
  103  16:15  Zealot  
  127  16:28  Observer  
  128  16:40  Zealot x2  
  128  16:41  Zealot x3  
  138  16:50  Observer  
  130  17:13  Pylon  
  129  17:16  Pylon  
  128  17:33  Pylon  
  128  17:37  Zealot x3  
  128  17:38  Zealot x3  
  128  17:39  Zealot  
  62  19:32  Zealot x3  
  62  19:33  Zealot x3  
  62  19:34  Zealot x3  
  62  19:35  Zealot x3  
  86  20:12  Zealot x2  
  86  20:13  Zealot x3  
  86  20:14  Zealot  
Show
View Real Time Build Order
Export as new Build Order

Grumm Zerg 

Build Orders: Hatch First, Swarm Host 

Get SALT Encoding   

  12  0:01  Drone  
  13  0:39  Hatchery  
  13  0:42  Drone x2  
  14  0:52  Overlord  
  14  1:11  Spawning Pool  
  13  1:14  Drone x2  
  15  1:25  Drone  
  16  1:41  Extractor  
  16  1:46  Drone  
  16  1:47  Drone  
  17  1:55  Drone x2  
  19  2:03  Spine Crawler  
  18  2:13  Zergling x2  
  18  2:14  Zergling x6  
  22  2:26  Queen  
  24  2:46  Zergling x8  
  28  2:55  Extractor  
  27  2:59  Roach Warren  
  25  3:34  Overlord x2  
  25  3:41  Queen  
  27  3:51  Evolution Chamber  
  27  3:52  Evolution Chamber  
  27  3:53  Drone x6  
  31  3:58  Queen  
  33  4:40  Hatchery  
  32  4:49  Overlord  
  32  4:51  Drone  
  32  4:52  Drone x2  
  35  4:56  Zerg Ground Armor Level 1, Zerg Missile Weapons Level 1  
  35  4:59  Lair  
  35  5:02  Roach  
  35  5:03  Roach  
  39  5:55  Drone  
  40  5:57  Drone  
  40  5:58  Drone x4  
  40  6:01  Metabolic Boost  
  40  6:03  Glial Reconstitution  
  45  6:05  Roach  
  45  6:06  Roach x5  
  56  6:41  Overlord x3  
  56  6:48  Spore Crawler  
  56  6:49  Drone  
  56  6:50  Drone  
  57  6:57  Spire  
  57  6:58  Drone  
  57  6:59  Drone x3, Extractor  
  57  7:00  Drone x2  
  61  7:12  Drone x4  
  65  7:16  Extractor  
  65  7:18  Extractor  
  63  7:28  Drone x5  
  68  7:49  Overlord x3  
  68  7:50  Overlord  
  68  7:51  Drone x9  
  69  7:57  Hatchery  
  76  8:09  Extractor  
  76  8:12  Zerg Ground Armor Level 2, Zerg Missile Weapons Level 2  
  75  8:19  Drone  
  77  8:20  Drone x3  
  79  8:30  Pneumatized Carapace  
  79  8:36  Corruptor  
  79  8:37  Corruptor x2  
  79  8:39  Corruptor  
  88  8:48  Drone  
  88  8:49  Drone x3  
  91  8:58  Overlord  
  91  9:22  Corruptor  
  91  9:23  Corruptor x4  
  101  9:26  Zerg Flyer Weapons Level 1  
  101  9:40  Corruptor  
  101  9:41  Corruptor  
  105  9:48  Roach  
  105  9:49  Roach x3  
  113  10:12  Corruptor x3  
  73  10:50  Zergling x14  
  73  10:51  Zergling x22  
  85  11:05  Corruptor x6  
  97  11:32  Mutalisk  
  94  11:33  Mutalisk x3  
  95  11:43  Roach  
  95  11:44  Roach x6  
  95  11:46  Overlord x2  
  106  11:55  Extractor  
  106  11:59  Spore Crawler  
  104  12:08  Roach, Extractor  
  103  12:09  Roach x13  
  103  12:10  Roach  
  120  12:38  Mutalisk  
  120  12:40  Zergling x24  
  120  12:41  Zergling x8  
  134  13:05  Overlord x3  
  134  13:07  Zergling x16  
  141  13:22  Infestation Pit  
  140  13:45  Spine Crawler  
  139  13:48  Zerg Melee Weapons Level 1  
  80  14:41  Hive  
  80  14:45  Swarm Host  
  80  14:46  Swarm Host x3  
  80  14:47  Hydralisk Den  
  80  14:51  Roach  
  80  14:52  Roach x16  
  125  14:53  Zergling x12  
  125  14:54  Zergling x18  
  134  15:37  Mutalisk  
  134  15:38  Mutalisk x12  
  160  15:48  Spine Crawler  
  130  16:10  Ultralisk Cavern  
  114  16:30  Overlord x3, Muscular Augments  
  114  16:37  Hatchery  
  114  16:38  Hydralisk x3  
  119  16:40  Hydralisk x4  
  119  16:45  Zerg Melee Weapons Level 2  
  127  16:47  Adrenal Glands  
  127  16:53  Drone x4  
  131  16:59  Corruptor  
  131  17:00  Corruptor x5  
  143  17:02  Ultralisk x3  
  161  17:16  Hydralisk  
  161  17:17  Hydralisk  
  58  18:12  Ultralisk x2  
  52  18:16  Chitinous Plating  
  42  19:01  Ultralisk  
  48  19:22  Viper  
  51  19:24  Drone  
Tags
 
Add a new tag
Caveats
  • Supply blocks, unpowered buildings, or Contaminate may cause inaccurate times.
  • Supply counts are checked every 10 seconds.